 Dungeon Crawl Stone Soup version 0.19-a0-1899-g2d93087 (webtiles) character file.

1608 rme2001 the Nimble (level 8, 0/67 HPs)
             Began as a Merfolk Gladiator on Oct 19, 2016.
             Slain by a wraith (12 damage)
             ... in an ossuary.
             The game lasted 00:23:45 (5474 turns).

rme2001 the Nimble (Merfolk Gladiator)              Turns: 5474, Time: 00:23:47

Health: 0/67       AC:  6    Str: 16    XL:     8   Next: 95%
Magic:  8/8        EV: 18    Int:  7    God:
Gold:   319        SH:  0    Dex: 16    Spells: 0 memorised, 7 levels left

rFire  . . .     SeeInvis .     p - +3 spear (venom)
rCold  . . .     Gourm    .     v - +1 leather armour
rNeg   . . .     Faith    .     (no shield)
rPois  .         Spirit   .     c - +0 helmet
rElec  .         Reflect  .     (no cloak)
rCorr  .         Harm     .     e - +0 pair of gloves
MR     .....                    (no boots)
Stlth  +.........               (no amulet)
                                (no ring)
                                h - ring of wizardry

@: about to teleport, very slightly contaminated, slowed, drained, very slow
A: change form in water, swift swim, stealthy swim
a: no special abilities


You were in an ossuary.
You were not hungry.

You visited 1 branch of the dungeon, and saw 6 of its levels.
You also visited: Sewer and Ossuary.

You collected 319 gold pieces.

Inventory:

Hand Weapons
 a - a +0 long sword
 g - a +0 flail of crushing
 k - a +1 dagger of speed
 p - a +3 spear of venom (weapon)
 q - a +4 hand axe
 s - a +4 scythe
 y - a +0 spear of venom
 D - a +1 short sword of venom
Missiles
 d - 3 throwing nets (quivered)
Armour
 b - a +0 leather armour
 c - a +0 helmet (worn)
 e - a +0 pair of gloves (worn)
 v - a +1 leather armour (worn)
 G - a +0 leather armour
Jewellery
 h - a ring of wizardry (left hand)
 z - a cursed amulet of inaccuracy {unknown}
Wands
 J - a wand of lightning (9/15)
Scrolls
 j - 2 scrolls of enchant armour
 l - a scroll of fear {unknown}
 o - 4 scrolls of remove curse
 A - a scroll of noise {unknown}
 B - a scroll of identify
 C - a scroll of amnesia
 E - 3 scrolls of magic mapping
 I - a scroll of teleportation
 K - 2 scrolls of recharging
Potions
 i - 3 potions of heal wounds {unknown}
 m - a potion of cancellation
 n - 3 potions of haste {unknown}
 r - 8 potions of curing
 t - 2 potions of brilliance {unknown}
 u - a potion of berserk rage {unknown}
 w - 2 potions of might {unknown}
 x - a potion of cure mutation {unknown}
 F - a potion of flight {unknown}
Comestibles
 f - 5 bread rations


   Skills:
 + Level 7.1(6.8) Fighting
 - Level 2.6(3.4) Short Blades
 - Level 3.5(3.7) Long Blades
 - Level 1.4(1.2) Maces & Flails
 + Level 7.2(7.0) Polearms
 - Level 2.0(1.8) Throwing
 + Level 9.4(9.2) Dodging


You had 7 spell levels left.
You didn't know any spells.

Dungeon Overview and Level Annotations

Branches:
Dungeon (6/15)
 Temple: D:4-7

Altars:


Message History

You feel better. The wraith hits you.
* * * LOW HITPOINT WARNING * * *
The wraith hits you.
* * * LOW HITPOINT WARNING * * *
The wraith drains your vigour!
You feel as though you will be slow longer.
The wraith completely misses you.
Blink to where?
Press: ? - help, Dir - move target cursor You are very lightly contaminated with residual magic.
As you read the scroll of blinking, it crumbles to dust.
As you read the scroll labeled IQODDI JEINN, it crumbles to dust.
It is a scroll of enchant armour.
Your +0 leather armour glows green for a moment.
The wraith misses you.
Okay, then.
As you read the scroll labeled AMME ZIKUSKECK, it crumbles to dust.
You feel strangely unstable.
It was a scroll of teleportation.
The wraith closely misses you. The wraith hits you!
You die...

#################
#....... .... ..# #.+
#..###..# +.# #.#
#..#z#..# #.# ###
#.###..###..###.# #z#
#........@W.....#
####▓###.###.......###.#
.'.....'.#z#.......#z#.#
####▓###.###.......###.#
#W# #..............W#
### #.###..###..###.#
#.# #..#z#..#.#.# #.+
#..###..##'.# #..
...........§#


You could see a wraith and 2 flying skulls.

Vanquished Creatures
  The ghost of dobroeutro the Bolt Thrower, a novice KoHu of Okawaru (D:6)
  Sigmund (D:3)
  The ghost of dobroeutro the Bolt Thrower, an amateur KoHu (D:3)
  An ogre (D:4)
  4 big kobolds (Sewer)
  2 scorpions (D:4)
  3 wights (Ossuary)
  A crimson imp (D:6)
  A hound (D:4)
  An orc wizard (D:3)
  2 worker ants (D:4)
  11 adders
  A howler monkey skeleton (D:4)
  3 gnolls (D:3)
  2 adder skeletons (D:4)
  3 worms (D:4)
  2 dart slugs
  3 leopard geckos
  7 orcs
  3 ball pythons
  8 bats
  10 giant cockroaches
  7 goblins
  4 hobgoblins
  9 jackals
  15 kobolds
  4 quokkas
  5 frilled lizards
  2 hobgoblin skeletons (Ossuary)
  3 hobgoblin zombies (Ossuary)
  A jackal skeleton (D:4)
  A kobold zombie (Ossuary)
  A leopard gecko skeleton (D:4)
  An orc skeleton (Ossuary)
  14 rats
138 creatures vanquished.

Notes
Turn   | Place    | Note
-------+----------+-------------------------------------------
     0 | D:1      | rme2001 the Merfolk Gladiator began the quest for the Orb.
     0 | D:1      | Reached XP level 1. HP: 16/16 MP: 1/1
   178 | D:1      | Reached XP level 2. HP: 5/23 MP: 2/2
  1048 | D:2      | Reached XP level 3. HP: 15/28 MP: 3/3
  1460 | D:2      | Reached skill level 1 in Short Blades
  1790 | D:2      | Reached skill level 5 in Dodging
  1804 | D:2      | Reached XP level 4. HP: 20/34 MP: 4/4
  2751 | D:3      | Reached XP level 5. HP: 40/41 MP: 5/5
  2928 | D:3      | Noticed dobroeutro's ghost (amateur KoHu)
  2948 | D:3      | Killed dobroeutro's ghost
  2948 | D:3      | Reached skill level 1 in Maces & Flails
  2948 | D:3      | Reached skill level 6 in Dodging
  2948 | D:3      | Reached XP level 6. HP: 36/49 MP: 6/6
  2995 | D:3      | Noticed Sigmund
  3009 | D:3      | Killed Sigmund
  3009 | D:3      | Reached XP level 7. HP: 21/55 MP: 7/7
  3265 | D:3      | Reached skill level 7 in Dodging
  3706 | D:4      | Reached skill level 5 in Fighting
  4201 | D:4      | Found a glowing drain.
  4205 | Sewer    | Entered a sewer
  4391 | Sewer    | Reached skill level 8 in Dodging
  4391 | Sewer    | Reached XP level 8. HP: 39/64 MP: 8/8
  4401 | Sewer    | Reached skill level 5 in Polearms
  5070 | D:5      | Entered Level 5 of the Dungeon
  5115 | D:6      | Found a sand-covered staircase.
  5115 | D:6      | Noticed dobroeutro's ghost (novice KoHu)
  5145 | D:6      | Killed dobroeutro's ghost
  5145 | D:6      | Reached skill level 9 in Dodging
  5151 | Ossuary  | Entered an ossuary
  5406 | Ossuary  | Noticed a flying skull
  5406 | Ossuary  | Noticed a wraith
  5412 | Ossuary  | Noticed a flying skull
  5413 | Ossuary  | Noticed a flying skull
  5415 | Ossuary  | Noticed a flying skull
  5442 | Ossuary  | Noticed a flying skull
  5449 | Ossuary  | Noticed a wraith
  5474 | Ossuary  | Slain by a wraith

Vault maps used:
D:1:      dpeg_arrival_water_altar
D:3:      uniq_crazy_yiuf_cottage, uniq_sigmund
D:4:      wad_river_or_something, gup_sewer_entry_spiral
D:5:      corexii_shantytown, first_bread
D:6:      enter_ossuary_1, kennysheep_slug_shrine
Sewer:    kennysheep_pipe_town
Ossuary:  ossuary_due_cavern

Skill      XL: |  1  2  3  4  5  6  7  8 |
---------------+-------------------------+-----
Short Blades   | 1 2 |  2.6
Dodging        | 5 6 8 9 |  9.4
Fighting       | 3 4 5 7 |  7.1
Maces & Flails | 1 |  1.4
Polearms       | 2 4 7 |  7.2
Long Blades    | |  3.5
Throwing       | |  2.0

Action                   |  1- 3 |  4- 6 |  7- 9 || total
-------------------------+-------+-------+-------++-------
Melee: Long sword        |    19 |       |       ||    19
       Dagger            |   107 |   112 |       ||   219
       Flail             |       |    45 |       ||    45
       Spear             |       |    11 |   289 ||   300
       Tailslap          |       |       |     1 ||     1
  Use: Scroll            |     6 |     1 |     6 ||    13
       Potion            |       |     3 |     2 ||     5
 Stab: Sleeping          |     1 |       |     6 ||     7
  Eat: Chunk             |     3 |     3 |     5 ||    11
       Fruit             |       |     1 |       ||     1
       Meat ration       |       |       |     1 ||     1
Armor: Leather armour    |    28 |    35 |    37 ||   100
Dodge: Dodged            |    90 |    95 |   157 ||   342
       Rpst.: Long sword |    14 |       |       ||    14
